 Dungeon Crawl Stone Soup version 0.16.1-11-g651b585 (webtiles) character file.

350 renba the Skirmisher (level 6, -1/60 HPs)
             Began as a Draconian Fighter on Apr 1, 2015.
             Was an Initiate of Gozag.
             Killed from afar by an orc wizard (3 damage)
             ... with a puff of frost
             ... on level 5 of the Dungeon.
             The game lasted 00:10:06 (2427 turns).

renba the Skirmisher (Draconian Fighter)            Turns: 2427, Time: 00:10:06

Health: -1/60      AC:  8    Str: 20    XL:     6   Next: 33%
Magic:  15/15      EV: 10    Int:  9    God:    Gozag
Gold:   145        SH:  9    Dex: 10    Spells: 0 memorised, 5 levels left

rFire  . . .     SeeInvis .     a - +0 war axe
rCold  . . .     Clarity  .     (armour unavailable)
rNeg   . . .     SustAb   .     c - +0 shield
rPois  .         Gourm    .     (helmet restricted)
rElec  .         Spirit   .     (no cloak)
rCorr  .         Warding  .     b - +0 pair of gloves
rMut   .         Stasis   .     d - +0 pair of boots
MR     .....                    (no amulet)
Stlth  +.........               t - ring of wizardry
                                v - ring of magical power

@: flying, very slightly contaminated, hasted, very quick, not resistant to
hostile enchantments, very unstealthy
A: unfitting armour, cold-blooded, AC +6
a: Potion Petition, Call Merchant, Bribe Branch, Renounce Religion


You were on level 5 of the Dungeon.
You worshipped Gozag.
Gozag was noncommittal.
You were not hungry.

You visited 1 branch of the dungeon, and saw 5 of its levels.

You collected 230 gold pieces.
You paid 85 gold pieces to Gozag.

Inventory:

Hand weapons
 a - a +0 war axe (weapon)
Missiles
 o - 16 bolts of frost
Armour
 b - a +0 pair of gloves (worn)
 c - a +0 shield (worn)
 d - a +0 pair of boots (worn)
Jewellery
 j - a +2 ring of intelligence
 t - a ring of wizardry (right hand)
 v - a ring of magical power (left hand)
Scrolls
 g - 3 scrolls of amnesia
 h - a scroll of teleportation
 i - a scroll of identify
 k - a scroll of random uselessness
Potions
 e - a potion of might
 m - a potion of cure mutation {unknown}
 n - a potion of haste
 p - a potion of resistance
 s - a potion of curing {unknown}
Comestibles
 f - 3 bread rations
 q - 2 meat rations
 r - 3 fruits


   Skills:
 - Level 7.2 Fighting
 - Level 2.0 Axes
 - Level 2.6 Dodging
 - Level 3.0 Shields
 + Level 2.6 Unarmed Combat


You had 5 spell levels left.
You didn't know any spells.

Dungeon Overview and Level Annotations

Branches:
Dungeon (5/15)
 Temple: D:4-7

Altars:
Cheibriados
Gozag
Makhleb
Sif Muna

Shops:
D:4 *


Innate Abilities, Weirdness & Mutations

Your plain brown scales are hard (AC +6).
Your body does not fit into most forms of armour.
Your cold-blooded metabolism reacts poorly to cold.


Message History

The orc wizard is severely wounded.
The orc wizard gestures at you while chanting.
The puff of frost hits you!
The orc wizard gestures at you while chanting.
The puff of frost misses you.
Read which item? (? for menu, Esc to quit)
Okay, then.
Drink which item? (? for menu, Esc to quit)
It was a potion of flight.
You feel very buoyant.
You fly up into the air.
The orc wizard points at you and mumbles some strange words.
The magic dart hits you!
* * * LOW HITPOINT WARNING * * *
You barely miss the orc wizard.
The orc wizard is severely wounded.
The orc wizard casts a spell at you. The puff of frost hits you!
You die...
Your body crumbles into a pile of gold.

,,*,* *,*,,,,,,........#..####.#
_,*,** *,***#***#.#***#..........
,,*,,* *,*,,.#* #.# ####.####.#
,,*,,* *,****.###.##### #.# #.#
,,*,,***+****#.....,..# #.# #.#
***,**⌠,,,⌠*##..#.#*#.# #.####.#
,,,,,*,,,,,*,...#.# #.# #.#.....
******,,_,,*###o#.###.####..."..#
*,,,,,*#..$@..).........####
*⌠,,,⌠*#.###........>.#.# ****
*******,,* #####.######.# ,,,*
*,*,* #.#*,**#.# **,* *,*,*
#.#,,,,..# *,* *,*,* #?.,,,,###
*,* *,*,* *#..,,,,,*****
**,********,*,* *....,,,,,,,,,
**,**,,,,,,,,,* *#..,,,,,*****


You could see an orc wizard.

Vanquished Creatures
  The ghost of mahalanobis the Shooter, an average HEHu (D:3)
  An orc priest (D:5)
  An orc wizard (D:5)
  Ijyb (D:2)
  Terence (D:2)
  A worker ant zombie (D:5)
  3 gnolls (D:2)
  7 adders
  2 giant mites
  3 worms
  An ooze (D:3)
  2 orcs (D:3)
  2 hobgoblins
  4 jackals (D:3)
  A quokka (D:2)
  7 bats
  A giant gecko zombie (D:5)
  4 giant newts
  4 goblins
  10 rats
57 creatures vanquished.

Notes
Turn   | Place    | Note
--------------------------------------------------------------
     0 | D:1      | renba, the Draconian Fighter, began the quest for the Orb.
     0 | D:1      | Reached XP level 1. HP: 19/19 MP: 1/1
   421 | D:2      | Reached skill level 4 in Fighting
   421 | D:2      | Reached XP level 2. HP: 27/27 MP: 2/2
   453 | D:2      | Reached XP level 3. HP: 30/35 MP: 3/3
   458 | D:2      | Reached skill level 5 in Fighting
   589 | D:2      | Reached XP level 4. HP: 38/42 MP: 4/4
   590 | D:2      | Noticed Ijyb
   632 | D:2      | Killed Ijyb
   717 | D:2      | Noticed Terence
   839 | D:2      | Reached skill level 6 in Fighting
   871 | D:2      | Killed Terence
  1063 | D:2      | Found a burning altar of Makhleb.
  1155 | D:2      | Reached XP level 5. HP: 50/50 MP: 5/5
  1330 | D:3      | Found a deep blue altar of Sif Muna.
  1386 | D:3      | Noticed an orc warrior
  1425 | D:3      | Noticed mahalanobis' ghost (average HEHu)
  1443 | D:3      | Killed mahalanobis' ghost
  1443 | D:3      | Reached skill level 7 in Fighting
  1760 | D:4      | Found an opulent altar of Gozag.
  1767 | D:4      | Found Gozag's Platinum Reserve.
  1772 | D:4      | Became a worshipper of Gozag Ym Sagoz the Greedy
  1880 | D:4      | Reached skill level 1 in Unarmed Combat
  2005 | D:4      | Reached XP level 6. HP: 58/60 MP: 6/6
  2247 | D:4      | Found a snail-covered altar of Cheibriados.
  2263 | D:5      | Entered Level 5 of the Dungeon
  2426 | D:5      | HP: 2/60 [orc wizard/magic dart (4)]
  2427 | D:5      | Killed from afar by an orc wizard

Action                   |  1- 3 |  4- 6 || total
-------------------------+-------+-------++-------
Melee: War axe           |    59 |   197 ||   256
  Use: Scroll            |       |     8 ||     8
       Potion            |       |     5 ||     5
  Eat: Chunk             |       |     2 ||     2
       Beef jerky        |       |     1 ||     1
       Bread ration      |       |     1 ||     1
